 Dungeon Crawl Stone Soup version 0.22-a0-833-g8522bf8 (webtiles) character file.

0 inc the Firebug (level 1, 11/16 HPs)
             Began as an Ogre Fire Elementalist on July 25, 2018.
             Quit the game on level 1 of the Dungeon.
             The game lasted 00:00:11 (73 turns).

inc the Firebug (Ogre Fire Elementalist)              Turns: 73, Time: 00:00:11

Health: 11/16      AC:  3    Str: 11    XL:     1   Next: 10%
Magic:  3/3        EV: 10    Int: 16    God:
Gold:   0          SH:  0    Dex:  9    Spells: 3/4 levels left

rFire    . . .     SeeInvis .   (no weapon)
rCold    . . .     Gourm    .   (no shield)
rNeg     . . .     Faith    .   a - +0 robe
rPois    .         Spirit   .   (helmet restricted)
rElec    .         Reflect  .   (no cloak)
rCorr    .         Harm     .   (gloves unavailable)
MR       .....                  (boots unavailable)
Stlth    +.........             (no amulet)
HPRegen  0.05/turn              (no ring)
MPRegen  0.08/turn              (no ring)

@: no status effects
A: large, unfitting armour, tough skin 1
a: no special abilities


You were on level 1 of the Dungeon.
You were not hungry.

You visited 1 branch of the dungeon, and saw 1 of its levels.

Inventory:

Armour
 a - a +0 robe (worn)
Scrolls
 b - a scroll of random uselessness {unknown}
Comestibles
 c - a ration


   Skills:
 - Level 1.7 Dodging
 - Level 1.4 Stealth
 - Level 2.4 Spellcasting
 + Level 1.0 Conjurations
 - Level 2.6 Fire Magic


You had 3 spell levels left.
You knew the following spells:

 Your Spells              Type           Power        Failure   Level  Hunger
a - Flame Tongue          Conj/Fire      #....        10%         1    #......

Your spell library contained the following spells:

 Spells                   Type           Power        Failure   Level  Hunger
 Fireball                 Conj/Fire      #.........   95%         5    ######.
 Conjure Flame            Conj/Fire      #.......     28%         3    ###....
 Throw Flame              Conj/Fire      #.....       14%         2    ###....
 Sticky Flame             Conj/Fire      #.......     67%         4    #####..
 Inner Flame              Hex/Fire       #.......     34%         3    ###....


Dungeon Overview and Level Annotations

Branches:
Dungeon (1/15)

Altars:


Innate Abilities, Weirdness & Mutations

You are too large for most types of armour.
You have tough skin. (AC +1)


Message History

You open the door.
There is an open door here.
A rat comes into view.
The helpless rat fails to defend itself.
You hit the rat.
You kill the rat!
Your Conjurations skill increases to level 1!
No target in view!
b - a scroll labeled CIR TU CEAMIP A goblin comes into view.
It is wielding a dagger.
The goblin shouts!
A goblin is nearby!
A bat comes into view.
The goblin hits you with a dagger.
You barely miss the goblin. The goblin hits you with a dagger.
You closely miss the goblin. The goblin closely misses you.
You hit the goblin.
The goblin is severely wounded.
The goblin barely misses you.
Are you sure you want to abandon this character and quit the game? (Confirm with "yes".)

#####.# ......# .≈≈≈≈≈.
#####.## .≈≈≈≈≈. .......#
....... .......# .≈≈≈≈..
###.##.########## .≈≈≈≈.≈
...#............ .≈≈≈≈.≈
.####.#.############.≈≈≈≈.≈
##.#.# #..@g...≈≈≈≈.≈
#....# #.####........
##.### #.# #.###.### #.#
#.# #.# # #.# #.# #(#
#.########.# #.#
#..........# #.#
##########.# #.# #.# #..


You could see a goblin.

Vanquished Creatures
  A rat (D:1)
1 creature vanquished.

Notes
Turn   | Place    | Note
-------+----------+-------------------------------------------
     0 | D:1      | inc the Ogre Fire Elementalist began the quest for the Orb.
     0 | D:1      | Reached XP level 1. HP: 16/16 MP: 3/3
    32 | D:1      | Reached skill level 1 in Conjurations
    73 | D:1      | Quit the game

Vault maps used:
D:1:      lightli_arrival_maybe_door_vault, minivault_14

Skill      XL: |  1 |
---------------+----+-----
Conjurations   | 1 |  1.0
Dodging        | |  1.7
Stealth        | |  1.4
Spellcasting   | |  2.4
Fire Magic     | |  2.6

Action                   || total
-------------------------++-------
Melee: Unarmed           ||     4
 Stab: Sleeping          ||     1
Dodge: Dodged            ||     2

Table legend:
 A = Spawn XP
 B = Non-spawn XP
 C = Spawn XP percentage of total XP
 D = Spawn monster count
 E = Non-spawn monster count
 F = Spawn count percentage of total count
 G = Total turns spent on level
                    A         B        C        D         E        F      G
               +---------+---------+-------+---------+---------+-------+---------
         Total |       0 |       1 |   0.0 |       0 |       1 |   0.0 |    73
               +---------+---------+-------+---------+---------+-------+---------
           D:1 |       0 |       1 |   0.0 |       0 |       1 |   0.0 |    73
               +---------+---------+-------+---------+---------+-------+---------
